 Dungeon Crawl Stone Soup version 0.30-b1-2-g02819fbbbe (webtiles) character file.

Game seed: 6083745721786040671

198 loralnil the Magician (level 5, -5/28 HPs)
             Began as a Deep Elf Fire Elementalist on Dec 6, 2023.
             Slain by a sleepcap (15 damage)
             ... on level 4 of the Dungeon.
             The game lasted 00:07:06 (3427 turns).

loralnil the Magician (Deep Elf Fire Elementalist)  Turns: 3427, Time: 00:07:06

Health: -5/28      AC:  3    Str:  5    XL:     5   Next: 47%
Magic:  4/13       EV:  2    Int: 22    God:
Gold:   228        SH:  0    Dex: 15    Spells: 9/12 levels left

rFire   . . .        j - +2 dagger (freeze)
rCold   . . .        (no shield)
rNeg    . . .        a - +0 robe
rPois   +            (no helmet)
rElec   .            (no cloak)
rCorr   .            l - +0 pair of gloves
SInv    .            (no boots)
Will    .....        (no amulet)
Stlth   +++          n - ring of poison resistance
HPRegen 0.24/turn    (no ring)
MPRegen 0.13/turn

%: no passive effects
@: sleeping
A: no striking features
a: no special abilities


You were on level 4 of the Dungeon.
You visited 1 branch of the dungeon, and saw 5 of its levels.

You collected 228 gold pieces.

Inventory:

Hand Weapons
 j - a +2 dagger of freezing (weapon)
Armour
 a - a +0 robe (worn)
 l - a +0 pair of gloves (worn)
Magical Staves
 e - a staff of death
Jewellery
 n - a ring of poison resistance (left hand)
Scrolls
 c - 2 scrolls of amnesia
 d - a scroll of brand weapon {unknown}
 f - 3 scrolls of noise {unknown}
 g - 2 scrolls of fear
 h - a scroll of fog {unknown}
 k - a scroll of enchant armour {unknown}
 m - a scroll of teleportation {unknown}
 p - a scroll of summoning {unknown}
Potions
 b - a potion of magic
 i - a potion of berserk rage
 o - a potion of curing {unknown}


   Skills:
 + Level 3.7 Dodging
 + Level 4.0 Stealth
 + Level 4.3 Spellcasting
 + Level 2.7 Conjurations
 + Level 4.2 Fire Magic


You had 9 spell levels left.
You knew the following spells:

 Your Spells              Type           Power      Damage    Failure   Level
a - Foxfire               Conj/Fire      80%        2x1d8     2%          1
b - Scorch                Fire           46%        2d6       2%          2

Your spell library contained the following spells:

 Spells                   Type           Power      Damage    Failure   Level
 Inner Flame              Hex/Fire       14%        N/A       14%         3
 Volatile Blastmotes      Fire/Tloc      28%        2d12      14%         3
 Poisonous Vapours        Pois/Air       8%         N/A       17%         2
 Mephitic Cloud           Conj/Pois/Air  8%         N/A       22%         3
 Flame Wave               Conj/Fire      20%        2d7       26%         4
 Vhi's Electric Charge    Tloc/Air       8%         N/A       32%         3
 Arcjolt                  Conj/Air       5%         1d15      86%         5
 Freezing Cloud           Conj/Ice/Air   4%         6-21      91%         5
 Plasma Beam              Fire/Air       7%         2x1d19    100%        6


Dungeon Overview and Level Annotations

Branches:
Dungeon (5/15)
 Temple: D:4-7

Altars:
Cheibriados


Message History

Nothing appears to happen.
The foxfire hits the sleepcap.
The sleepcap is severely damaged.
The foxfire hits the sleepcap.
The sleepcap is almost destroyed.
Casting: Foxfire (safe; 2% risk of failure)
Confirm with . or Enter, or press ? or * to list all spells.
Flames lash the sleepcap.
The sleepcap is almost destroyed.
The sleepcap's fire resistance burns away.
Casting: Scorch (safe; 2% risk of failure)
Confirm with . or Enter, or press ? or * to list all spells.
You conjure some foxfire!
A hobgoblin comes into view.
Unknown command.
The foxfire hits the sleepcap but does no damage.
The sleepcap is almost destroyed.
The foxfire hits the sleepcap.
The sleepcap is almost destroyed.
Casting: Foxfire (safe; 2% risk of failure)
Confirm with . or Enter, or press ? or * to list all spells.
You conjure some foxfire!
The sleepcap is no longer more vulnerable to fire.
The sleepcap closely misses you.
The foxfire hits the sleepcap but does no damage.
The sleepcap is almost destroyed.
The foxfire hits the sleepcap but does no damage.
The sleepcap is almost destroyed.
The sleepcap releases spores at you!
You hit the sleepcap but do no damage.
The sleepcap is almost destroyed.
The sleepcap releases spores at you.
Your magical contamination has completely faded away.
You hit the sleepcap. You freeze the sleepcap.
The sleepcap is almost destroyed.
The sleepcap releases spores at you!
You are engulfed in a cloud of soporific spores!
You fall asleep.
The hobgoblin barely misses you. The sleepcap releases spores at you!
Ouch! That really hurt!
You die...

#.....#
#....################
#######.......##....#
.....#.........#....#
<[...#.........'....#
..)..'†........#....#
#...###..##...##....#
##### #####...##....#
# #......@...# #
#....##fg..# #
#....##....# #
#..........# # ##
#....# # #....#
.....# .....#


You could see a sleepcap and a hobgoblin.

Vanquished Creatures
  An orc priest (D:3)
  A sleepcap (D:5)
  A gnoll (D:1)
  5 adders
  A worm (D:3)
  3 dart slugs
  5 orcs
  4 endoplasms
  9 goblins
  9 hobgoblins
  7 kobolds
  7 quokkas
  3 ball pythons
  4 bats
  9 frilled lizards
  7 rats
76 creatures vanquished.

Vanquished Creatures (others)
  An endoplasm (D:3)
  165 foxfires
166 creatures vanquished.

Grand Total: 242 creatures vanquished

Notes
Turn   | Place    | Note
-------+----------+-------------------------------------------
     0 | D:1      | loralnil the Deep Elf Fire Elementalist began the quest for
                  | the Orb.
     0 | D:1      | Reached XP level 1. HP: 10/10 MP: 6/6
   233 | D:1      | Reached XP level 2. HP: 15/15 MP: 2/8
   297 | D:1      | Learned a level 2 spell: Scorch
   477 | D:1      | Reached XP level 3. HP: 19/19 MP: 5/9
  1482 | D:2      | Reached XP level 4. HP: 24/24 MP: 8/11
  2424 | D:3      | Reached XP level 5. HP: 28/28 MP: 11/13
  2480 | D:3      | Identified the +2 ring mail of Mago Fin {Will- Regen+
                  | Dex+2}
  2537 | D:3      | You fall into a shaft and drop 2 floors!
  2537 | D:5      | Entered Level 5 of the Dungeon
  2868 | D:3      | Found a snail-covered altar of Cheibriados.
  3427 | D:4      | Slain by a sleepcap

Illustrated notes

Levels and vault maps discovered:
D:1:      minmay_arrival_radiant_lines, layout_loops_ring, minmay_ruptured
D:2:      layout_basic, kennysheep_potato
D:3:      layout_basic, cheibriados_altar_1,
          hangedman_abyss_or_decor_lesser_grid, lemuel_flame_loot_1
D:4:      layout_gridville, ebering_ghost_reflecting_pool,
          kennysheep_generic_room_8, uniq_natasha, uniq_eustachio,
          uniq_crazy_yiuf_cottage
D:5:      layout_gridville, chequers_temple_overflow_statue_of_worship,
          serial_shops, nicolae_shop_temple_entry_statues_fountains

Skill      XL: |  1  2  3  4  5 |
---------------+----------------+-----
Stealth        | 3 4 |  4.0
Dodging        | 3 |  3.7
Conjurations   | 2 |  2.7
Spellcasting   | 4 |  4.3
Fire Magic     | 4 |  4.2

Action                     |  1- 3 |  4- 6 || total
---------------------------+-------+-------++-------
  Melee: Unarmed           |     8 |       ||     8
         Dagger            |       |    13 ||    13
   Cast: Foxfire           |    57 |    47 ||   104
         Scorch            |     7 |    12 ||    19
    Use: Scroll            |     1 |     2 ||     3
   Stab: Sleeping          |       |     3 ||     3
 Armour: Robe              |     7 |     6 ||    13
  Dodge: Dodged            |    20 |    29 ||    49
